[Event "Titled Tuesday Blitz July 25 Early 2023"]
[White "Kamsky, Gata"]
[Black "Fantastic_Power"]
[WhiteFideId "2000024"]
[WhiteElo "2947"]
[BlackElo "2754"]
[Result "0-1"]
[Round "11"]
[TimeControl "180+2"]
[Date "2023.07.25"]
[WhiteClock "0:00:00"]
[BlackClock "0:00:10"]
[Board "21"]

1. d4 Nf6 2. Bf4 e6 3. Nf3 b6 4. e3 Bb7 5. a4 Be7 6. h3 a6 7. Nbd2 d6 8. Bd3 Nbd7 9. O-O c5 10. Bh2 O-O 11. c3 Qc7 12. e4 Bc6 13. Re1 Rfe8 14. e5 dxe5 15. dxe5 Nd5 16. Qe2 Qb7 17. Qe4 Nf8 18. Qg4 b5 19. Ne4 Red8 20. Nd6 Qb6 21. Ng5 Bxg5 22. Qxg5 bxa4 23. Re2 Rab8 24. Bg3 Qc7 25. Qg4 Ne7 26. Bxa6 Bxg2 27. Kxg2 Qc6+ 28. Qf3 Qxa6 29. Qxf7+ Kh8 30. Re4 Nf5 31. Raxa4 Qc6 32. Nxf5 exf5 33. Qxf5 Ne6 34. h4 Rxb2 35. Qf3 Rf8 36. Qe3 Rb1 37. Qd3 Qb7 38. Ra7 Qxa7 39. Qxb1 Qa8 40. Kh2 h6 41. Qd3 Rd8 42. Qc4 Qc6 43. Re1 Rd2 44. Qe4 Qxe4 45. Rxe4 Rc2 46. Rc4 Kg8 47. Kg2 Kf7 48. Kf3 g5 49. hxg5 Nxg5+ 50. Ke3 Ne6 51. Ke4 Re2+ 52. Kd5 Rd2+ 53. Kc6 Kg6 54. Ra4 h5 55. Ra8 c4 56. Kb5 Kf5 57. Kxc4 Kg4 58. Rg8+ Ng5 59. e6 Re2 60. Kd5 h4 61. Bc7 Kf5 62. Rf8+ Kg6 63. Re8 h3 64. f4 h2 65. Rg8+ Kh7 66. Rxg5 h1=Q+ 67. Kd6 Qe4 68. Rh5+ Kg6 69. Rg5+ Kh7 70. Rh5+ Kg6 71. Rg5+ Kh6 72. Re5 Qxf4 73. Kd5 Rxe5+ 74. Bxe5 Qd2+ 75. Kc6 Qa2 76. Kd7 Qa4+ 77. Kd6 Qa6+ 78. Ke7 Qb7+ 79. Kf6 Qc8 80. e7 Qe8 81. Bd4 Kh7 82. c4 Kg8 83. c5 Qc6+ 84. Ke5 Kf7 85. Be3 Kxe7 86. Kd4 Kd7 87. Bf4 Qe6 88. Bd6 Kc6 89. Kd3 Qd5+ 0-1


[Site "https://www.chess.com"]

[Event "Titled Tuesday Blitz July 25 Early 2023"]
[White "Cherniaiev, Tykhon"]
[Black "Ibarra Jerez, Jose Carlos"]
[WhiteFideId "14182360"]
[BlackFideId "2226332"]
[WhiteElo "2747"]
[BlackElo "2924"]
[Result "1-0"]
[Round "11"]
[TimeControl "180+2"]
[Date "2023.07.25"]
[WhiteClock "0:00:26"]
[BlackClock "0:00:04"]
[Board "22"]

1. Nf3 d6 2. d4 Nf6 3. c4 g6 4. g3 Bf5 5. Nc3 Ne4 6. Nxe4 Bxe4 7. Bg2 Bg7 8. O-O O-O 9. b3 c5 10. Bb2 Nc6 11. e3 d5 12. Rc1 Nb4 13. Qd2 Nd3 14. Rcd1 dxc4 15. bxc4 Nxb2 16. Qxb2 Qc7 17. Qa3 Rfc8 18. dxc5 Qxc5 19. Rd8+ Rxd8 20. Qxc5 Bf6 21. Nd4 b6 22. Qb5 Bxg2 23. Kxg2 Rac8 24. Qa6 Rc7 25. Nb5 Rcd7 26. Rc1 Rd2 27. Qxa7 Rb2 28. Qxb6 Rdd2 29. Qb8+ Kg7 30. Qf4 e5 31. Qf3 e4 32. Qf4 Bg5 33. Qe5+ Bf6 34. Qxe4 Rxf2+ 35. Kg1 Bg5 36. Nd4 f5 37. Ne6+ Kf6 38. Nxg5 Kxg5 39. Qh4# 1-0


[Site "https://www.chess.com"]

[Event "Titled Tuesday Blitz July 25 Early 2023"]
[White "Skvortsov, Andrei"]
[Black "Galchenko, Matvey"]
[WhiteFideId "24108600"]
[BlackFideId "24175480"]
[WhiteElo "2745"]
[BlackElo "2896"]
[Result "1-0"]
[Round "11"]
[TimeControl "180+2"]
[Date "2023.07.25"]
[WhiteClock "0:00:07"]
[BlackClock "0:00:01"]
[Board "23"]

1. g3 c5 2. e4 g6 3. Ne2 Bg7 4. d4 cxd4 5. Nxd4 Nc6 6. Ne2 h5 7. h3 Nf6 8. Bg2 d6 9. O-O Bd7 10. Nbc3 Qc8 11. Kh2 Ne5 12. f4 Neg4+ 13. Kh1 h4 14. f5 Qc5 15. Qe1 gxf5 16. gxh4 Ne3 17. Bxe3 Qxe3 18. exf5 Bc6 19. Qg3 Qxg3 20. Nxg3 Rxh4 21. Bxc6+ bxc6 22. Kg2 Rb8 23. Rab1 Kd7 24. b3 Rbh8 25. Rh1 Rg8 26. Kf3 Bh6 27. Nge2 Rg5 28. Ng3 Rg8 29. Nce2 Kc7 30. Rbd1 Nd7 31. Rd4 Ne5+ 32. Kf2 Bg5 33. Kf1 Nf3 34. Rxh4 Bxh4 35. Kg2 Nd2 36. Kh2 Nf3+ 37. Kg2 Nd2 38. Kh2 d5 39. c3 Rg5 40. Rd1 Nf3+ 41. Kg2 Ne5 42. Kh2 Rg7 43. Nf1 Nf3+ 44. Kh1 Bf2 45. Nh2 Ne5 46. Rf1 Be3 47. Nd4 Rh7 48. Ndf3 f6 49. Nxe5 fxe5 50. Kg2 Bf4 51. Ng4 Kd6 52. f6 exf6 53. Nxf6 Rh6 54. Ng4 Rh4 55. Rh1 c5 56. Kf3 Ke6 57. Nf2 Kf5 58. Kg2 e4 59. Rd1 Ke6 60. c4 Rh5 61. cxd5+ Rxd5 62. Re1 Rg5+ 63. Kf1 e3 64. Ng4 Kd6 65. Ke2 Rh5 66. Rh1 Kc6 67. Kf3 Bh6 68. Nxe3 Kb5 69. Ng4 Bg7 70. Ke4 Kb4 71. Rh2 a5 72. Ne3 Rh4+ 73. Kd3 Rd4+ 74. Ke2 Re4 75. Kd3 Rd4+ 76. Ke2 Be5 77. Nc2+ Kc3 78. Nxd4 Bxh2 79. Nc6 Bc7 80. Kd1 Kb2 81. h4 Kxa2 82. Kc2 c4 83. bxc4 a4 84. h5 Bd6 85. h6 Bf8 86. h7 Bg7 87. Nb4+ Ka1 88. Nd3 a3 89. Nc1 Bb2 90. c5 Be5 91. c6 Bh8 92. c7 Bb2 93. Nb3+ Ka2 94. c8=Q 1-0


[Site "https://www.chess.com"]

[Event "Titled Tuesday Blitz July 25 Early 2023"]
[White "Harsha Bharathakoti"]
[Black "Djordjevic, Vuk"]
[WhiteFideId "5078776"]
[BlackFideId "902098"]
[WhiteElo "2871"]
[BlackElo "2740"]
[Result "1-0"]
[Round "11"]
[TimeControl "180+2"]
[Date "2023.07.25"]
[WhiteClock "0:00:42"]
[BlackClock "0:00:00"]
[Board "24"]

1. e4 e6 2. d4 d5 3. Nc3 Bb4 4. e5 c5 5. a3 Bxc3+ 6. bxc3 Ne7 7. h4 b6 8. Bb5+ Bd7 9. Bd3 c4 10. Be2 Ba4 11. h5 h6 12. Nf3 Nbc6 13. Nh4 Qd7 14. g3 O-O-O 15. Bg4 Kb8 16. O-O Qe8 17. Ra2 Qg8 18. Ng2 g5 19. Ne3 Rf8 20. Bd2 f5 21. exf6 Rxf6 22. Bh3 Qe8 23. Qe2 Nd8 24. Ng4 Rff8 25. Ne5 Rf6 26. f4 gxf4 27. Rf2 Kb7 28. Rxf4 Qf8 29. Ra1 Rxf4 30. Bxf4 Rg8 31. Kh2 Qg7 32. Qe3 Qh7 33. Rc1 Bxc2 34. Bxh6 Nf5 35. Bxf5 Bxf5 36. Bg5 Qxh5+ 37. Bh4 Nc6 38. Rf1 Nxe5 39. Qxe5 Qh6 40. Rf4 Qf8 41. a4 Qa3 42. Rxf5 exf5 43. Qxd5+ 1-0


[Site "https://www.chess.com"]

[Event "Titled Tuesday Blitz July 25 Early 2023"]
[White "Kushagra Mohan"]
[Black "Yaran, Siar"]
[WhiteFideId "25033638"]
[BlackFideId "6323006"]
[WhiteElo "2856"]
[BlackElo "2649"]
[Result "1-0"]
[Round "11"]
[TimeControl "180+2"]
[Date "2023.07.25"]
[WhiteClock "0:01:51"]
[BlackClock "0:00:02"]
[Board "25"]

1. e4 e5 2. Nf3 Nc6 3. Bb5 a6 4. Ba4 Nf6 5. O-O Be7 6. Re1 b5 7. Bb3 O-O 8. a4 Bb7 9. d3 d6 10. Bd2 h6 11. h3 Re8 12. Nc3 b4 13. Ne2 a5 14. Ng3 Bf8 15. Nf5 Qd7 16. N3h4 Kh7 17. Rf1 g6 18. Ng3 Nd4 19. Ba2 Ne6 20. f4 exf4 21. Bxf4 Nxf4 22. Rxf4 Bg7 23. Qf3 Re6 24. Rf1 d5 25. exd5 Rb6 26. Ne4 Nxe4 27. Rxf7 Ng5 28. Rxd7 Nxf3+ 29. Rxf3 Rd6 30. Rxc7 Bxd5 31. Bxd5 1-0


[Site "https://www.chess.com"]

[Event "Titled Tuesday Blitz July 25 Early 2023"]
[White "Zavgorodniy, Sergiy"]
[Black "Ilamparthi A R"]
[WhiteFideId "14110148"]
[BlackFideId "45015775"]
[WhiteElo "2605"]
[BlackElo "2854"]
[Result "0-1"]
[Round "11"]
[TimeControl "180+2"]
[Date "2023.07.25"]
[WhiteClock "0:00:11"]
[BlackClock "0:00:46"]
[Board "26"]

1. e4 c5 2. Nf3 e6 3. d3 Nc6 4. g3 g6 5. Bg5 Be7 6. h4 h6 7. Bxe7 Qxe7 8. Qd2 Qf6 9. Bg2 Qxb2 10. Qc3 Qxc3+ 11. Nxc3 b6 12. O-O Ba6 13. a4 Ke7 14. Nb5 Rb8 15. c3 Nf6 16. Nd2 Rhc8 17. f4 d5 18. exd5 Nxd5 19. Bxd5 exd5 20. Rfe1+ Kf8 21. Nf3 Rd8 22. h5 gxh5 23. Kf2 Bb7 24. Rh1 a6 25. Na3 d4 26. c4 Nb4 27. Rad1 Re8 28. Rxh5 Kg7 29. a5 Re3 30. Nh4 Nxd3+ 31. Kf1 Be4 32. Nf5+ Bxf5 33. Rxf5 bxa5 34. Nc2 Rxg3 0-1


[Site "https://www.chess.com"]

[Event "Titled Tuesday Blitz July 25 Early 2023"]
[White "Ashraf, Artin"]
[Black "ATM622"]
[WhiteFideId "22514805"]
[WhiteElo "2824"]
[BlackElo "2563"]
[Result "1-0"]
[Round "11"]
[TimeControl "180+2"]
[Date "2023.07.25"]
[WhiteClock "0:00:48"]
[BlackClock "0:00:34"]
[Board "27"]

1. e4 c6 2. Nf3 d5 3. d3 dxe4 4. dxe4 Qxd1+ 5. Kxd1 g6 6. c3 Bg7 7. Kc2 Nf6 8. Bd3 O-O 9. h3 Nbd7 10. Be3 b6 11. Nbd2 Bb7 12. a4 a5 13. Nc4 Ba6 14. Nfd2 Rfd8 15. Rhd1 Ne8 16. Nf3 Nc5 17. Bxc5 bxc5 18. Nb6 Bxd3+ 19. Rxd3 Rxd3 20. Kxd3 Rb8 21. Nc4 Nd6 22. Nfd2 Nb7 23. g3 Rd8+ 24. Kc2 f5 25. exf5 gxf5 26. Re1 Kf7 27. Nf3 Rd5 28. Ne3 Nd6 29. Nxd5 cxd5 30. Ng5+ Kg6 31. Ne6 Ne4 32. f3 Nf2 33. Nf4+ Kf7 34. Nxd5 e6 35. Nf4 e5 36. Nd3 Nxd3 37. Kxd3 Ke6 38. Kc4 Bf8 39. Kb5 Kd5 40. Rd1+ Ke6 41. Kxa5 Bd6 42. Kb5 e4 43. fxe4 fxe4 44. a5 Bxg3 45. a6 e3 46. a7 e2 47. Rh1 1-0


[Site "https://www.chess.com"]

[Event "Titled Tuesday Blitz July 25 Early 2023"]
[White "Aravindh, Chithambaram VR."]
[Black "Panesar Vedant"]
[WhiteFideId "5072786"]
[BlackFideId "35033018"]
[WhiteElo "2903"]
[BlackElo "2718"]
[Result "1-0"]
[Round "11"]
[TimeControl "180+2"]
[Date "2023.07.25"]
[WhiteClock "0:00:20"]
[BlackClock "0:00:04"]
[Board "28"]

1. b3 e5 2. Bb2 Nc6 3. c4 Nf6 4. Nf3 d6 5. e3 g6 6. d4 exd4 7. Nxd4 Bg7 8. Be2 O-O 9. O-O Re8 10. Nc3 Nxd4 11. Qxd4 Ne4 12. Qxg7+ Kxg7 13. Nxe4+ Kh6 14. Nf6 Re5 15. f4 Qxf6 16. fxe5 Qg5 17. Rxf7 dxe5 18. e4 Be6 19. Bc1 Bxf7 20. Bxg5+ Kxg5 21. Rd1 Be6 22. c5 Kf6 23. Kf2 a5 24. Bb5 Ke7 25. Ke3 Rf8 26. c6 b6 27. Bc4 Rf7 28. Bxe6 Kxe6 29. a3 Kf6 30. b4 axb4 31. axb4 Re7 32. b5 Ke6 33. Rd8 Rf7 34. Rd1 Re7 35. g3 Rf7 36. Ke2 Re7 37. Kf3 Rf7+ 38. Kg4 Rf2 39. h4 Rf7 40. Kg5 Rf3 41. g4 Rb3 42. Rd7 Rxb5 43. Rxh7 Rb4 44. Kxg6 Rxe4 45. g5 Kd5 46. h5 Kxc6 47. h6 b5 48. Rf7 1-0


[Site "https://www.chess.com"]

[Event "Titled Tuesday Blitz July 25 Early 2023"]
[White "Nasuta, Grzegorz"]
[Black "Zhigalko, Sergei"]
[WhiteFideId "1141686"]
[BlackFideId "13502956"]
[WhiteElo "2712"]
[BlackElo "2869"]
[Result "0-1"]
[Round "11"]
[TimeControl "180+2"]
[Date "2023.07.25"]
[WhiteClock "0:00:00"]
[BlackClock "0:00:15"]
[Board "29"]

1. e4 c5 2. Nf3 Nc6 3. d4 cxd4 4. Nxd4 Nf6 5. Nc3 e5 6. Ndb5 d6 7. Nd5 Nxd5 8. exd5 Nb8 9. a4 Be7 10. Bd2 O-O 11. a5 Nd7 12. Be2 f5 13. O-O f4 14. Ra3 Nf6 15. Re1 Bf5 16. a6 bxa6 17. Rxa6 Kh8 18. c4 Ne4 19. Ba5 Qd7 20. b4 h6 21. Bd3 Ng5 22. f3 e4 23. Be2 Bh3 24. c5 Bxg2 25. Kxg2 exf3+ 26. Bxf3 Qh3+ 27. Kf2 Qxh2+ 28. Kf1 Nh3 29. Qd4 Bf6 30. Re2 Qg3 31. Rg2 Qxf3+ 0-1


[Site "https://www.chess.com"]

[Event "Titled Tuesday Blitz July 25 Early 2023"]
[White "Oleksiyenko, Mykhaylo"]
[Black "Samunenkov, Ihor"]
[WhiteFideId "4152417"]
[BlackFideId "14187086"]
[WhiteElo "2695"]
[BlackElo "2790"]
[Result "1-0"]
[Round "11"]
[TimeControl "180+2"]
[Date "2023.07.25"]
[WhiteClock "0:00:19"]
[BlackClock "0:00:00"]
[Board "30"]

1. e4 c6 2. Nf3 d5 3. Nc3 dxe4 4. Nxe4 Nf6 5. Nxf6+ exf6 6. Bc4 Bd6 7. Qe2+ Qe7 8. Qxe7+ Kxe7 9. O-O Rd8 10. Re1+ Kf8 11. a4 a5 12. d3 Na6 13. c3 Nc7 14. Nd2 Bf4 15. d4 Be6 16. Bxe6 Bxd2 17. Bxd2 fxe6 18. Kf1 Kf7 19. Be3 Nd5 20. c4 Nxe3+ 21. fxe3 Ra6 22. c5 e5 23. Red1 exd4 24. Rxd4 Rxd4 25. exd4 Ra8 26. Ke2 Rd8 27. Kd3 Rd7 28. b4 axb4 29. Rb1 Ke6 30. Rxb4 Kd5 31. a5 Re7 32. a6 bxa6 33. Rb8 Rd7 34. Ra8 h5 35. h4 a5 36. Rh8 g6 37. Rf8 Ke6 38. Rc8 Kd5 39. Rf8 Rb7 40. Rd8+ Ke6 41. Rd6+ Kf5 42. Rxc6 Rb3+ 43. Kc4 Rb2 44. Ra6 Rxg2 45. c6 g5 46. Kd5 gxh4 47. c7 Rc2 48. Rc6 Rxc6 49. Kxc6 1-0


[Site "https://www.chess.com"]

[Event "Titled Tuesday Blitz July 25 Early 2023"]
[White "Haug, Havard"]
[Black "Nagy, Gabor"]
[WhiteFideId "1547887"]
[BlackFideId "737119"]
[WhiteElo "2669"]
[BlackElo "2784"]
[Result "1-0"]
[Round "11"]
[TimeControl "180+2"]
[Date "2023.07.25"]
[WhiteClock "0:00:12"]
[BlackClock "0:01:33"]
[Board "31"]

1. e4 c6 2. d4 d5 3. exd5 cxd5 4. Bd3 Nc6 5. c3 Qc7 6. Na3 a6 7. h3 Nf6 8. Nf3 g6 9. O-O Bf5 10. Be2 Bg7 11. Nc2 O-O 12. Ne3 Bd7 13. Re1 Rae8 14. Bf1 e6 15. a4 Ne4 16. Ng4 Bc8 17. Nge5 Ne7 18. Bd3 f6 19. Ng4 h5 20. Ngh2 f5 21. Ne5 Kh7 22. Nhf3 Nc6 23. Bf4 Qd8 24. g3 Bf6 25. h4 Re7 26. Nxc6 bxc6 27. Be5 Rg7 28. Bxf6 Qxf6 29. Bxe4 fxe4 30. Ng5+ Kg8 31. Qe2 e5 32. dxe5 Qxe5 33. f4 Qb8 34. b4 a5 35. b5 c5 36. Rad1 Bg4 37. Qa2 Bxd1 38. Qxd5+ Kh8 39. Rxd1 e3 40. Ne6 Rf5 41. Qd8+ Qxd8 42. Rxd8+ Rg8 43. Rxg8+ Kxg8 44. b6 Rf7 45. Nxc5 e2 46. Kf2 Re7 47. Ke1 Re8 48. Nd7 Kf7 49. b7 Ke6 50. b8=Q Rxb8 51. Nxb8 Kd5 52. Kxe2 Kc4 53. Ke3 Kxc3 54. Nc6 Kb3 55. Nxa5+ Kxa4 56. Nc6 1-0


[Site "https://www.chess.com"]

[Event "Titled Tuesday Blitz July 25 Early 2023"]
[White "Wagner, Dennis"]
[Black "Nagare Kaivalya Sandip"]
[WhiteFideId "24650684"]
[BlackFideId "25957929"]
[WhiteElo "2772"]
[BlackElo "2667"]
[Result "0-1"]
[Round "11"]
[TimeControl "180+2"]
[Date "2023.07.25"]
[WhiteClock "0:00:20"]
[BlackClock "0:00:43"]
[Board "32"]

1. d4 Nf6 2. Nf3 d5 3. c4 e6 4. g3 Bb4+ 5. Bd2 Be7 6. Bg2 O-O 7. O-O c6 8. Qc2 b6 9. Rd1 Bb7 10. b3 Nbd7 11. Nc3 a5 12. e4 Rc8 13. e5 Ne8 14. cxd5 cxd5 15. Bf1 Nc7 16. Bd3 h6 17. h4 f5 18. exf6 Rxf6 19. Bf4 Ne8 20. Qb2 Bd6 21. Ne5 Rxf4 22. gxf4 Qxh4 23. Ne2 Nxe5 24. fxe5 Be7 25. Rac1 Nc7 26. Kg2 Rf8 27. Ng3 Na6 28. Rh1 Qg4 29. Qe2 Qxd4 30. Bxa6 Bxa6 31. Qxa6 Rxf2+ 32. Kh3 Qh4# 0-1


[Site "https://www.chess.com"]

[Event "Titled Tuesday Blitz July 25 Early 2023"]
[White "Sipila, Vilka"]
[Black "Dvirnyy, Danyyil"]
[WhiteFideId "505455"]
[BlackFideId "817570"]
[WhiteElo "2631"]
[BlackElo "2768"]
[Result "0-1"]
[Round "11"]
[TimeControl "180+2"]
[Date "2023.07.25"]
[WhiteClock "0:00:36"]
[BlackClock "0:00:29"]
[Board "33"]

1. Nf3 g6 2. d4 Nf6 3. Nc3 d5 4. g3 Bg7 5. Bg2 O-O 6. O-O c6 7. Bf4 a5 8. Qd2 a4 9. Rad1 Nbd7 10. Ne5 Nxe5 11. dxe5 Ng4 12. e4 d4 13. Ne2 c5 14. c3 Nxe5 15. cxd4 cxd4 16. Nxd4 Bg4 17. f3 Qb6 18. fxg4 Rad8 19. Be3 Nc4 20. Nf5 gxf5 21. Bxb6 Rxd2 22. Rxd2 Nxd2 23. Rxf5 Bxb2 24. Rb5 Bc3 25. Bc5 Rc8 26. Bxe7 Bd4+ 27. Kh1 Rc1+ 28. Bf1 Rxf1+ 29. Kg2 Rf2+ 30. Kh3 Nf3 31. g5 Rxh2+ 32. Kg4 Ne5+ 33. Rxe5 Bxe5 34. a3 Rf2 0-1


[Site "https://www.chess.com"]

[Event "Titled Tuesday Blitz July 25 Early 2023"]
[White "Morefield, Jason"]
[Black "Eynullayev, Altay"]
[WhiteFideId "30920825"]
[BlackFideId "13413562"]
[WhiteElo "2753"]
[BlackElo "2572"]
[Result "1-0"]
[Round "11"]
[TimeControl "180+2"]
[Date "2023.07.25"]
[WhiteClock "0:00:06"]
[BlackClock "0:00:02"]
[Board "34"]

1. d4 Nf6 2. c4 e6 3. Nf3 d5 4. Nc3 Nbd7 5. Bf4 Bb4 6. e3 Bxc3+ 7. bxc3 c5 8. cxd5 Nxd5 9. Bd3 Nxf4 10. exf4 Nf6 11. O-O O-O 12. Ne5 Qc7 13. Rb1 b6 14. a4 Bb7 15. a5 bxa5 16. Qa4 Nd5 17. Qb5 Rfb8 18. Qxc5 Qd8 19. Be4 Rc8 20. Qb5 Rab8 21. Qd3 Rxc3 22. Bxh7+ Kf8 23. Qd2 Rc7 24. Be4 Nb4 25. Bxb7 Rbxb7 26. Rfd1 Qd5 27. g3 Rc2 28. Qe3 Rbc7 29. Re1 R7c3 30. Qe4 Qxe4 31. Rxe4 Rc1+ 32. Rxc1 Rxc1+ 33. Kg2 Rb1 34. Nd7+ Ke7 35. Nc5 Rb2 36. f5 Kd6 37. fxe6 fxe6 38. Rxe6+ Kd5 39. Re7 Kxd4 40. Ne6+ Kc3 41. Rxa7 Ra2 42. Nf4 a4 43. h4 a3 44. Rxg7 Rb2 45. Ra7 a2 46. h5 Nc2 47. h6 a1=Q 48. Rxa1 Nxa1 49. h7 Rb8 50. Ng6 Nc2 51. h8=Q+ Rxh8 52. Nxh8 Nd4 53. Ng6 Kc4 54. Nf4 Nf5 55. Kf3 Kd4 56. Kg4 Ke5 57. Kg5 Nd4 58. Nh5 Nf3+ 59. Kg4 Nd2 60. f4+ Ke6 61. Kg5 Ne4+ 62. Kg6 Ke7 63. g4 Nf2 64. g5 Nh3 65. f5 Nf2 66. f6+ Kf8 67. Nf4 Ng4 68. Ne6+ Ke8 69. f7+ Kd7 70. f8=Q Ne5+ 71. Kf5 Nc6 72. Qc5 Ne7+ 73. Kf6 Nc6 74. Qd5+ Ke8 75. Qxc6# 1-0


[Site "https://www.chess.com"]

[Event "Titled Tuesday Blitz July 25 Early 2023"]
[White "Xu, Yi"]
[Black "Richter, Nils"]
[WhiteFideId "8605564"]
[BlackFideId "12990809"]
[WhiteElo "2745"]
[BlackElo "2606"]
[Result "1-0"]
[Round "11"]
[TimeControl "180+2"]
[Date "2023.07.25"]
[WhiteClock "0:00:03"]
[BlackClock "0:00:03"]
[Board "35"]

1. h3 d5 2. a3 e5 3. b4 Nf6 4. Bb2 Bd6 5. g4 O-O 6. Bg2 c6 7. d3 a5 8. c3 axb4 9. axb4 Rxa1 10. Bxa1 Re8 11. e4 h6 12. Ne2 Nbd7 13. Ng3 Nf8 14. Bb2 Ng6 15. Bc1 Nh4 16. O-O Nxg2 17. Kxg2 b6 18. Be3 Bb7 19. Qc2 c5 20. bxc5 bxc5 21. c4 d4 22. Bc1 Nh7 23. Nd2 Ng5 24. Nf3 Ne6 25. Nf5 Bc7 26. h4 Bc8 27. g5 hxg5 28. hxg5 g6 29. Nh6+ Kg7 30. Rh1 Rh8 31. Qa4 Bd6 32. Qc6 Bc7 33. Ng4 Rxh1 34. Kxh1 Bd7 35. Qb7 Qh8+ 36. Kg2 Nf4+ 37. Bxf4 Bxg4 38. Bxe5+ Bxe5 39. Nxe5 Be6 40. Qe7 Qh3+ 41. Kg1 Qh5 42. Qf6+ Kg8 43. Qf4 Qd1+ 44. Kg2 Qh5 45. Qg3 Kg7 46. Qf4 Kg8 47. f3 Qh8 48. Nc6 Qh5 49. Ne7+ Kf8 50. Nd5 Qh8 51. Qb8+ Kg7 52. Qxh8+ Kxh8 53. Nf4 Bd7 54. Ne2 Kg7 55. Nc1 Ba4 56. f4 Kf8 57. e5 Ke7 58. Kf3 Ke6 59. Kg4 Bd1+ 60. Kh4 Kf5 61. Kg3 Bc2 62. Kf3 Bd1+ 63. Kg3 Ba4 64. Ne2 Bc2 65. Nc1 Bd1 66. Na2 Be2 67. Nc1 Bh5 68. Nb3 Be2 69. Nxc5 Bf1 70. Kf3 Bh3 71. Nb3 Bg4+ 72. Kg3 Bd1 73. Nxd4# 1-0


[Site "https://www.chess.com"]

[Event "Titled Tuesday Blitz July 25 Early 2023"]
[White "Attacker_2006"]
[Black "Leon Oquendo, Jorge"]
[BlackFideId "3514803"]
[WhiteElo "2493"]
[BlackElo "2730"]
[Result "1-0"]
[Round "11"]
[TimeControl "180+2"]
[Date "2023.07.25"]
[WhiteClock "0:00:39"]
[BlackClock "0:00:00"]
[Board "36"]

1. e4 c5 2. Nc3 d6 3. d4 cxd4 4. Qxd4 Nc6 5. Qd2 g6 6. b3 Bg7 7. Bb2 Nf6 8. O-O-O O-O 9. Kb1 Be6 10. f3 Qa5 11. g4 Rfc8 12. h4 Rc7 13. h5 Rac8 14. hxg6 fxg6 15. Nd5 Qxd2 16. Rxd2 Bxd5 17. exd5 Nb4 18. c4 a5 19. g5 Nh5 20. Bh3 Rf8 21. Be6+ Kh8 22. Rdh2 Bxb2 23. Kxb2 Nd3+ 24. Kc3 Ndf4 25. Bg4 Nxd5+ 26. Kd4 Ndf4 27. Nh3 Ng3 28. Nxf4 e5+ 29. Kd5 Rxf4 30. Kxd6 Nxh1 31. Kxc7 Ng3 32. Kxb7 e4 33. c5 Rf7+ 34. Kb8 e3 35. f4 Rf8+ 36. Kb7 Rf7+ 37. Kb6 Ne4 38. c6 Nc3 39. Be6 Re7 40. Bc4 e2 41. Bxe2 Nxe2 42. c7 Re6+ 43. Kb7 1-0


[Site "https://www.chess.com"]

[Event "Titled Tuesday Blitz July 25 Early 2023"]
[White "Kuznetsov, Felix"]
[Black "Marn, Jan"]
[WhiteFideId "34147990"]
[BlackFideId "14619245"]
[WhiteElo "2723"]
[BlackElo "2467"]
[Result "0-1"]
[Round "11"]
[TimeControl "180+2"]
[Date "2023.07.25"]
[WhiteClock "0:00:02"]
[BlackClock "0:00:02"]
[Board "37"]

1. e4 e5 2. Nf3 Nc6 3. Bc4 Bc5 4. c3 Nf6 5. d3 d6 6. Nbd2 a6 7. Bb3 Ba7 8. h3 Ne7 9. Nf1 Ng6 10. Ng3 O-O 11. O-O c6 12. Be3 Be6 13. Re1 b5 14. d4 exd4 15. Nxd4 Bxb3 16. Qxb3 Qc7 17. Rad1 d5 18. Ndf5 dxe4 19. Bxa7 Qxa7 20. Nxe4 Nxe4 21. Rxe4 Rad8 22. Rxd8 Rxd8 23. Qc2 Qd7 24. Rd4 Qe8 25. Qd2 Rxd4 26. Qxd4 Qe1+ 27. Kh2 Qe5+ 28. Qxe5 Nxe5 29. f4 Nd3 30. b3 Kf8 31. Kg3 Nc1 32. b4 Nxa2 33. Nd4 c5 34. bxc5 Nxc3 35. Kf3 Ke8 36. Ke3 Kd7 37. Kd3 Nd5 38. g3 Ne7 39. Ke4 g6 40. g4 Nc6 41. Nb3 a5 42. Kd5 a4 43. Nd2 b4 44. Kc4 a3 45. Kb3 Ke6 46. Ne4 Kd5 47. Ng5 Kxc5 48. Nxf7 Nd4+ 49. Ka2 Kc4 50. Nd6+ Kc3 51. Ne4+ Kd3 52. Nc5+ Kc4 53. Ne4 Nc2 54. Nd2+ Kd3 55. Nb3 Ke4 56. f5 gxf5 57. gxf5 Kxf5 58. Nc5 Nd4 59. Nd3 Nc6 60. Kb3 Kg5 61. Nf2 Kh4 62. Ka2 Kg3 63. Ne4+ Kxh3 64. Ng5+ Kg4 65. Nxh7 Kf5 66. Nf8 Ke5 67. Ng6+ Kd4 68. Kb3 Kc5 69. Nf4 Nd4+ 70. Ka2 Kc4 71. Ng2 Kd3 72. Nf4+ Kc2 73. Nd5 b3+ 74. Kxa3 b2 75. Ne3+ Kc1 76. Nd5 b1=Q 77. Nc3 Qb3# 0-1


[Site "https://www.chess.com"]

[Event "Titled Tuesday Blitz July 25 Early 2023"]
[White "Gharibyan, Mamikon"]
[Black "Khusenkhojaev, Muhammad"]
[WhiteFideId "13308300"]
[BlackFideId "14700247"]
[WhiteElo "2780"]
[BlackElo "2609"]
[Result "1-0"]
[Round "11"]
[TimeControl "180+2"]
[Date "2023.07.25"]
[WhiteClock "0:01:29"]
[BlackClock "0:00:00"]
[Board "38"]

1. e4 c5 2. Nf3 d6 3. d4 cxd4 4. Nxd4 Nf6 5. Nc3 a6 6. h3 g6 7. g4 Bg7 8. Be3 Nc6 9. Be2 O-O 10. g5 Nd7 11. h4 Qa5 12. Qd2 Nc5 13. O-O-O Bd7 14. Kb1 Rfe8 15. f4 b5 16. Bf3 Rac8 17. h5 b4 18. Nd5 Nxd4 19. Bxd4 Bxd4 20. Qxd4 Ne6 21. Qd2 Ba4 22. b3 Bc6 23. hxg6 fxg6 24. f5 Bxd5 25. exd5 Nf8 26. fxg6 Nxg6 27. Be4 Rc3 28. Qd4 Qc5 29. Bxg6 1-0


[Site "https://www.chess.com"]

[Event "Titled Tuesday Blitz July 25 Early 2023"]
[White "Ahmad, Khagan"]
[Black "Hambleton, Aman"]
[WhiteFideId "13431552"]
[BlackFideId "2606577"]
[WhiteElo "2599"]
[BlackElo "2772"]
[Result "0-1"]
[Round "11"]
[TimeControl "180+2"]
[Date "2023.07.25"]
[WhiteClock "0:00:01"]
[BlackClock "0:00:04"]
[Board "39"]

1. d4 e5 2. dxe5 Nc6 3. Nf3 Qe7 4. Nc3 Nxe5 5. Nxe5 Qxe5 6. g3 Bc5 7. Bf4 Qh5 8. Nd5 Bb6 9. Bxc7 Ne7 10. Nxb6 Qa5+ 11. Qd2 axb6 12. Qxa5 bxa5 13. Bg2 d5 14. O-O-O Be6 15. Bd6 Rd8 16. Bc7 Ra8 17. Rd3 Kd7 18. Be5 f6 19. Bd4 Rhc8 20. Rhd1 Ke8 21. c3 Kf7 22. a3 h5 23. Re3 Nf5 24. Rf3 Nd6 25. Rfd3 Nf5 26. h4 a4 27. Be3 Ne7 28. Bf4 Ra6 29. e4 dxe4 30. Bxe4 Rb6 31. Rd6 Rxd6 32. Rxd6 b5 33. Bd3 Bc4 34. Bxc4+ Rxc4 35. Rd7 Ke6 36. Rb7 Rc5 37. Rb6+ Kd7 38. Bd6 Rc6 39. Rxc6 Nxc6 40. Bf8 g6 41. Kc2 Ke6 42. Bc5 Kd5 43. Be3 Kc4 44. Bf4 Ne7 45. Be3 Nf5 46. Bb6 g5 47. Bd8 gxh4 48. gxh4 Nxh4 49. Bxf6 Nf3 50. Kd1 Kd3 51. b3 axb3 52. c4 bxc4 53. a4 c3 0-1


[Site "https://www.chess.com"]

[Event "Titled Tuesday Blitz July 25 Early 2023"]
[White "Ilkhomi, Jaloliddin"]
[Black "Tristan, Leonardo"]
[WhiteFideId "14700948"]
[BlackFideId "113816"]
[WhiteElo "2585"]
[BlackElo "2756"]
[Result "1-0"]
[Round "11"]
[TimeControl "180+2"]
[Date "2023.07.25"]
[WhiteClock "0:00:08"]
[BlackClock "0:00:01"]
[Board "40"]

1. d4 d5 2. Bf4 Nf6 3. e3 c5 4. c3 Nc6 5. Nd2 Bf5 6. Ngf3 e6 7. Qb3 Qd7 8. Ne5 Nxe5 9. dxe5 c4 10. Nxc4 dxc4 11. Bxc4 O-O-O 12. exf6 Qd2+ 13. Kf1 gxf6 14. Be2 e5 15. Rd1 Qxd1+ 16. Bxd1 Be6 17. Qc2 exf4 18. Bf3 Bc5 19. exf4 Rhe8 20. b3 Rd6 21. f5 Bd7 22. g3 Re5 23. Kg2 Bxf5 24. Qc1 h5 25. Re1 h4 26. Rxe5 h3+ 27. Kf1 fxe5 28. Qg5 Bd3+ 29. Ke1 f6 30. Qg8+ Rd8 31. Bg4+ Kc7 32. Qf7+ Kb8 33. Qxf6 Bb6 34. Qxe5+ Bc7 35. Qf6 Re8+ 36. Kd2 Bb5 37. Bf3 Rd8+ 38. Kc1 Re8 39. c4 Ba6 40. Qf7 Re1+ 41. Kd2 Rf1 42. Qe8+ Bd8 43. Qxd8# 1-0


[Site "https://www.chess.com"]

[Event "Titled Tuesday Blitz July 25 Early 2023"]
[White "Vakhlamov, Igor L."]
[Black "vishwa_vijeta"]
[WhiteFideId "24126748"]
[WhiteElo "2755"]
[BlackElo "2581"]
[Result "0-1"]
[Round "11"]
[TimeControl "180+2"]
[Date "2023.07.25"]
[WhiteClock "0:02:27"]
[BlackClock "0:01:57"]
[Board "41"]

1. e4 c5 2. Nf3 d6 3. Nc3 Nf6 4. d4 cxd4 5. Qxd4 Nc6 6. Bb5 Bd7 7. Bxc6 Bxc6 8. Bg5 e6 9. O-O-O Be7 10. Rhe1 O-O 11. e5 dxe5 12. Nxe5 Qc7 13. Qc4 Rad8 14. Nxc6 bxc6 15. g3 Qb6 16. Be3 Qb7 17. Bc5 Nd5 18. Bxe7 Qxe7 19. Nxd5 cxd5 20. Rxd5 exd5 0-1


[Site "https://www.chess.com"]